 Dungeon Crawl Stone Soup version 0.29-a0-341-g24ffce5b50 (webtiles) character file.

Game seed: 827517967573545776

5926 Agony the Blocker (level 10, -2/93 HPs)
             Began as a Minotaur Fighter on Apr 19, 2022.
             Was a High Priest of Okawaru.
             Slain by an eight-headed hydra (9 damage)
             ... on level 8 of the Dungeon.
             The game lasted 00:34:46 (7769 turns).

Agony the Blocker (Minotaur Fighter)                Turns: 7769, Time: 00:34:47

Health: -2/93      AC: 10    Str: 36    XL:     10   Next: 53%
Magic:  9/9        EV: 10    Int:  5    God:    Okawaru [*****.]
Gold:   558        SH:  7    Dex:  9    Spells: 9/9 levels left

rFire   + . .      SeeInvis .   a - +12 hand axe of Arufog {vorpal, rN++ Dex-2}
rCold   . . .      Faith    .   c - +1 buckler
rNeg    + + .      Spirit   .   J - +0 scale mail {rF+}
rPois   .          Reflect  .   (helmet restricted)
rElec   .          Harm     .   F - +0 cloak
rCorr   .          Rampage  .   (no gloves)
Will    .....                   (no boots)
Stlth   ..........              n - amulet of regeneration
HPRegen 1.05/turn               r - +6 ring of strength
MPRegen 0.11/turn               o - +6 ring of strength

@: no status effects
A: horns 2, retaliatory headbutt
a: Renounce Religion, Heroism, Finesse, Duel


You were on level 8 of the Dungeon.
You worshipped Okawaru.
Okawaru was extremely pleased with you.
You visited 1 branch of the dungeon, and saw 8 of its levels.
You also visited: Sewer.

You collected 558 gold pieces.

Inventory:

Hand Weapons
 a - the +12 hand axe of Arufog (weapon) {vorpal, rN++ Dex-2}
   (You found it on level 6 of the Dungeon)

   It inflicts extra damage upon your enemies.
   Dex:       It affects your dexterity (-2).
   rN:        It greatly protects you from negative energy.
Missiles
 h - 23 poisoned darts
 v - 3 javelins
Armour
 c - a +1 buckler (worn)
 F - a +0 cloak (worn)
 J - a +0 scale mail of fire resistance (worn)
Jewellery
 n - an amulet of regeneration (around neck)
 o - a +6 ring of strength (right hand)
 r - a +6 ring of strength (left hand)
 y - a +6 ring of dexterity
 G - a ring of ice
Wands
 d - a wand of polymorph (15)
 u - a wand of digging (4)
 w - a wand of iceblast (3) (quivered)
 K - a wand of mindburst (3)
Scrolls
 g - 4 scrolls of fog
 j - 3 scrolls of magic mapping
 p - 3 scrolls of holy word
 x - 2 scrolls of enchant weapon
 z - 2 scrolls of blinking {unknown}
 A - a scroll of fear
 B - a scroll of acquirement {unknown}
 D - 2 scrolls of amnesia {unknown}
 E - 2 scrolls of enchant armour
 H - 3 scrolls of identify
 I - a scroll of brand weapon
Potions
 b - a potion of might
 e - 2 potions of lignification
 f - 2 potions of brilliance
 i - a potion of degeneration
 k - a potion of mutation
 l - 4 potions of curing
 m - a potion of resistance {unknown}
 q - a potion of cancellation {unknown}
 s - a potion of flight {unknown}
 t - a potion of attraction {unknown}
 C - 2 potions of haste


   Skills:
 + Level 10.2 Fighting
 - Level 7.5 Long Blades
 + Level 6.1 Axes
 + Level 10.2 Armour
 + Level 10.2 Shields


You had 9 spell levels left.
You didn't know any spells.
Your spell library contained the following spells:

 Spells                   Type           Power      Damage    Failure   Level
 Apportation              Tloc           0%         N/A       71%         1
 Sting                    Tmut/Pois      0%         1d3       71%         1
 Corpse Rot               Necr/Air       0%         N/A       85%         2
 Dazzling Flash           Conj/Hex       0%         N/A       97%         3
 Gell's Gravitas          Tloc           0%         N/A       97%         3
 Lesser Beckoning         Tloc           0%         N/A       97%         3
 Teleport Other           Tloc           0%         N/A       97%         3
 Anguish                  Hex/Necr       0%         N/A       100%        4
 Dispel Undead            Necr           0%         3d6       100%        4
 Hailstorm                Conj/Ice       0%         3d3       100%        4
 Ice Form                 Ice/Tmut       0%         N/A       100%        4
 Iskenderun's Mystic Bla  Conj/Tloc      0%         2d3       100%        4
 Eringya's Noxious Bog    Tmut/Pois      0%         N/A       100%        6
 Starburst                Conj/Fire      0%         6d3       100%        6
 Enfeeble                 Hex            0%         N/A       100%        7
 Animate Skeleton         Necr           Unusable   N/A       N/A         1
 Summon Small Mammal      Summ           Unusable   N/A       N/A         1
 Tukima's Dance           Hex            Unusable   N/A       N/A         3
 Death Channel            Necr           Unusable   N/A       N/A         6
 Simulacrum               Ice/Necr       Unusable   N/A       N/A         6

Dungeon Overview and Level Annotations

Branches:
Dungeon (8/15)             Temple (0/1) D:7           Sewer (visited)
   Lair: D:8-11

Altars:
Cheibriados
Dithmenos
Elyvilon
Hepliaklqana
Makhleb
Okawaru
Trog
Vehumet
Xom
Zin

Annotations:
D:3 1 runed translucent door, Jortsu's ghost, amateur TrFi


Innate Abilities, Weirdness & Mutations

You have a pair of horns on your head.
You reflexively headbutt those who attack you in melee.


Message History

The eight-headed hydra roars!
An orc wizard comes into view. It is wielding a +0 dagger.
The orc wizard shouts!
You hear a roar!
You hear a shout!
You hear an angry hiss.
You hear a shout!
A five-headed hydra comes into view.
The orc wizard mumbles some strange words.
The orc wizard flickers and vanishes!
Deactivating autopickup; reactivate with Ctrl-A.
Things that are here:
a +2 falchion; a +0 robe
Things that are here:
a +0 short sword; a +0 chain mail; an orc skeleton An orc wizard appears from thin air!
Reactivating autopickup.
Items here: )))) [ ÷÷.
The eight-headed hydra attacks as you move away!
The eight-headed hydra bites you. The eight-headed hydra bites you!
The eight-headed hydra barely misses you.
The eight-headed hydra bites you! x2
The eight-headed hydra barely misses you. x2
The eight-headed hydra bites you!
The eight-headed hydra attacks as you move away!
You block the eight-headed hydra's attack.
The eight-headed hydra barely misses you.
The eight-headed hydra bites you. The eight-headed hydra bites you!
The eight-headed hydra bites you. The eight-headed hydra bites you!
* * * LOW HITPOINT WARNING * * *
You block the eight-headed hydra's attack.
The eight-headed hydra bites you.
* * * LOW HITPOINT WARNING * * *
The eight-headed hydra attacks as you move away!
You block the eight-headed hydra's attack.
The eight-headed hydra barely misses you.
The eight-headed hydra bites you!
* * * LOW HITPOINT WARNING * * *
The eight-headed hydra bites you but does no damage.
The eight-headed hydra bites you!
* * * LOW HITPOINT WARNING * * *
The eight-headed hydra bites you!
You die...

#. #. #. # ####### ## ##.
##..#..## ##. #..##..###..##
##.. #.##.#.....#.#########..#
#.#...##.##...#.....#..##
#.#.#.#.@D#.#.#.⌠.⌠.#.## ###
#.≈##...#...##)..8...#.#
...#)#.#.#...#.#.#.⌠.⌠.#.##
#####.#.#...##.##...#.....#..#
#.......##.#.....#.#########..#
#........##..###..##.......##..
..........##. .##..#####..##.
#.......#..#######..#######..##
.........#.........#.......#...


You could see an eight-headed hydra.

Vanquished Creatures
  2 two-headed ogres (D:8)
  A skeletal warrior (D:8)
  A hornet (D:8)
  A wraith (D:8)
  Eustachio (D:4)
  A vampire mosquito (D:8)
  An acid dragon (D:6)
  Duvessa (D:5)
  A water moccasin (D:7)
  3 ice beasts
  2 orc warriors
  2 sky beasts
  2 ogres
  2 centaurs (D:8)
  A kobold brigand (D:8)
  3 bullfrogs
  A necrophage (D:5)
  2 gnoll sergeants (D:7)
  2 scorpions (D:5)
  5 wights
  Dowan (D:5)
  A killer bee (D:8)
  2 vampire bats (D:3)
  4 howler monkeys
  2 jellies
  4 hounds
  2 gnoll shamans
  Crazy Yiuf (D:7)
  5 orc priests
  2 iguanas
  4 orc wizards
  23 gnolls
  18 adders
  5 river rats (Sewer)
  A shadow imp (D:8)
  2 white imps
  2 ufetubi
  2 worms
  A dart slug (D:3)
  27 orcs
  7 bats (D:3)
  4 endoplasms
  3 giant cockroaches
  5 goblins
  4 hobgoblins
  7 jackals
  3 quokkas
  15 ball pythons
  2 frilled lizards
  2 kobolds
  25 rats
221 creatures vanquished.

Vanquished Creatures (others)
  4 plants (D:8)
4 creatures vanquished.

Grand Total: 225 creatures vanquished

Notes
Turn   | Place    | Note
-------+----------+-------------------------------------------
     0 | D:1      | Agony the Minotaur Fighter began the quest for the Orb.
     0 | D:1      | Reached XP level 1. HP: 19/19 MP: 0/0
   426 | D:1      | Reached XP level 2. HP: 22/27 MP: 1/1
   939 | D:2      | Found a shimmering altar of Xom.
  1010 | D:2      | Reached XP level 3. HP: 32/33 MP: 2/2
  1408 | D:3      | Got the Volume of Bewitching Poison
  1602 | D:3      | Reached XP level 4. HP: 40/41 MP: 3/3
  1606 | D:3      | Reached XP level 5. HP: 47/47 MP: 4/4
  1653 | D:3      | Found a hazy altar of Hepliaklqana.
  1660 | D:3      | Found a burning altar of Makhleb.
  1663 | D:3      | Found an iron altar of Okawaru.
  1663 | D:3      | Found a glowing silver altar of Zin.
  1669 | D:3      | Found a shimmering altar of Xom.
  1686 | D:3      | Became a worshipper of Warmaster Okawaru
  1848 | D:3      | Found a radiant altar of Vehumet.
  1887 | D:3      | Reached skill level 5 in Shields
  1961 | D:3      | Found a white marble altar of Elyvilon.
  1996 | D:3      | Reached skill level 5 in Armour
  2106 | D:3      | Found a runed translucent door.
  2107 | D:3      | Noticed Jortsu's ghost (amateur TrFi)
  2284 | D:4      | Noticed Eustachio
  2340 | D:4      | Reached skill level 5 in Fighting
  2345 | D:4      | Reached XP level 6. HP: 40/56 MP: 5/5
  2379 | D:4      | Found a bloodstained altar of Trog.
  2570 | D:4      | Killed Eustachio
  2571 | D:4      | Reached skill level 5 in Long Blades
  2571 | D:4      | Reached XP level 7. HP: 42/62 MP: 6/6
  2745 | D:4      | Reached * piety under Okawaru
  2940 | D:5      | Entered Level 5 of the Dungeon
  2993 | D:5      | Found a glowing drain.
  3012 | Sewer    | Entered a sewer
  3893 | D:5      | Reached XP level 8. HP: 71/71 MP: 7/7
  3915 | D:5      | Reached ** piety under Okawaru
  4054 | D:5      | Noticed Dowan
  4056 | D:5      | Noticed Duvessa
  4080 | D:5      | Killed Dowan
  4109 | D:5      | Killed Duvessa
  4794 | D:5      | Reached *** piety under Okawaru
  4943 | D:6      | Reached XP level 9. HP: 81/81 MP: 8/8
  5186 | D:6      | Identified the +12 hand axe of Arufog {vorpal, rN++ Dex-2}
  6040 | D:7      | Reached skill level 1 in Axes
  6061 | D:7      | Found a staircase to the Ecumenical Temple.
  6886 | D:7      | Found a runed translucent door.
  6887 | D:7      | Noticed Crazy Yiuf
  6892 | D:7      | Killed Crazy Yiuf
  6897 | D:7      | Identified the +5 mace of Xefideog {vorpal, rCorr MP+9
                  | Dex+3}
  7172 | D:8      | Reached **** piety under Okawaru
  7323 | D:8      | Found a snail-covered altar of Cheibriados.
  7393 | D:8      | Noticed a two-headed ogre
  7406 | D:8      | Killed a two-headed ogre
  7407 | D:8      | Reached XP level 10. HP: 87/91 MP: 7/9
  7446 | D:8      | Noticed a two-headed ogre
  7459 | D:8      | Killed a two-headed ogre
  7460 | D:8      | Reached skill level 5 in Axes
  7505 | D:8      | Reached skill level 10 in Fighting
  7505 | D:8      | Reached skill level 10 in Armour
  7505 | D:8      | Reached skill level 10 in Shields
  7541 | D:8      | Noticed a skeletal warrior
  7561 | D:8      | HP: 4/93 [skeletal warrior/+0 long sword (4)]
  7563 | D:8      | Killed a skeletal warrior
  7563 | D:8      | Reached ***** piety under Okawaru
  7712 | D:8      | Found a shadowy altar of Dithmenos.
  7721 | D:8      | Noticed an eight-headed hydra
  7727 | D:8      | Noticed a five-headed hydra
  7769 | D:8      | Slain by an eight-headed hydra

Illustrated notes

Levels and vault maps discovered:
D:1:      scummos_arrival_hexagon, layout_basic
D:2:      layout_basic, basic_altar
D:3:      layout_loops_ring, nicolae_overflow_hallway_of_the_gods,
          jmf_multi_god_temple, ebering_ghost_sewer_d, roderic_batcave
D:4:      layout_rooms, amcnicky_altar_gilded, uniq_eustachio
D:5:      layout_loops_cross, cheibrodos_sewer_entry_drain, grunt_ministairs_9,
          amcnicky_mini_rare_corridor_liquid, uniq_duvessa
D:6:      kennysheep_big_flooded_room, layout_loops_ring
D:7:      layout_basic, minmay_temple_entry_slanted, uniq_crazy_yiuf_cottage
D:8:      minmay_the_grid_octo_tiled_octocenter [minmay_the_grid_octo_focus,
          minmay_the_grid_octo_fat_diamond, minmay_the_grid_octo_77,
          minmay_the_grid_octo_vomiting_pacman,
          minmay_the_grid_octo_prize_single_spiral,
          minmay_the_grid_square_5x5_shrine1, minmay_the_grid_square_5x5_forky,
          minmay_the_grid_square_5x5_intrusive_squares,
          minmay_the_grid_square_5x5_n_small], layout_basic, chei_slow_surprise,
          hangedman_ranch

Skill      XL: |  1  2  3  4  5  6  7  8  9 10 |
---------------+-------------------------------+-----
Armour         | 4 5 6 7 9 10 | 10.2
Shields        | 4 5 6 8 9 10 | 10.2
Long Blades    | 3 4 5 6 7 |  7.5
Fighting       | 4 5 6 7 9 10 | 10.2
Axes           | 4 6 |  6.1

Action                   |  1- 3 |  4- 6 |  7- 9 | 10-12 || total
-------------------------+-------+-------+-------+-------++-------
Melee: Long sword        |    80 |    98 |   286 |       ||   464
       Headbutt          |    11 |    19 |    68 |    10 ||   108
       Hand axe          |       |       |    91 |    45 ||   136
Invok: Heroism           |       |       |     1 |     1 ||     2
Evoke: Wand              |       |       |     2 |       ||     2
  Use: Scroll            |     6 |     5 |    12 |       ||    23
       Potion            |       |     2 |     5 |     1 ||     8
Armor: Scale mail        |    48 |    52 |   177 |    13 ||   290
Dodge: Dodged            |    49 |    61 |   197 |    22 ||   329
Block: Buckler           |    31 |    46 |   142 |    10 ||   229

Table legend: (Time is in decaauts)
 A = Elapsed time spent in this place.
 B = Non-inter-level travel time spent in this place.
 C = Inter-level travel time spent in this place.
 D = Time resting spent in this place.
 E = Time spent auto-exploring this place.
 F = Levels seen in this place.
 G = Mean time per level.
                   A        B        C        D        E       F      G
               +--------+--------+--------+--------+--------+-----+--------+
         Total |   7990 |   7740 |    250 |   1082 |   4027 |   9 |  887.8 |
       Dungeon |   7135 |   6885 |    250 |    928 |   4027 |   8 |  891.9 |
         Sewer |    854 |    854 |      0 |    154 |      0 |   1 |  854.0 |
               +--------+--------+--------+--------+--------+-----+--------+

Top non-repeatable levels by time:
     D:7: 1408 daAuts
     D:5: 1076 daAuts
     D:3: 968 daAuts
     D:6: 876 daAuts
   Sewer: 854 daAuts
     D:8: 782 daAuts
     D:1: 728 daAuts
     D:2: 665 daAuts
     D:4: 628 daAuts
